wizbiz, neutral female human Wizard ---------------- ------------ |.........>....| |..........|#############-..............| |..(.......|# |..............| |...........#############...............| |..........|# # ---------------- |..........|# ### |..........|# # #### ------.-----# ### # ############`#### # ## # ### --.-- ### # -+--------- |....| # ##-.........| |.....######### ## |..<......| |.^..| # -.---I----- |.........| ----- ##+.........| ----------- |.........| |.........| ----------- wizbiz the Evoker Experience level: 1 Strength: 25 Dexterity: 10 Constitution: 14 Intelligence: 18 Wisdom: 9 Charisma: 5 Health: 0(12) Energy: 6(6) Def: 2 Gold: 219 Moves: 1326 Dungeon seed: PV-UrHsoB_9VlGjt Game ID: wizbiz_1528562689 Your Inventory: Coins $ - 219 gold pieces Weapons a - a blessed +1 quarterstaff (weapon in hands) v - 11 +0 ya Armor e - an uncursed +0 cloak of magic resistance (being worn) q - a blessed +0 pair of gauntlets of power (being worn) Scrolls i - an uncursed scroll of remove curse j - an uncursed scroll of identify k - 2 uncursed scrolls of gold detection n - a cursed scroll of light o - an uncursed scroll of fire p - an uncursed scroll of punishment s - a blessed scroll of destroy armor u - an uncursed scroll of enchant armor Spellbooks l - a blessed spellbook of force bolt m - an uncursed spellbook of identify Potions g - an uncursed potion of oil h - an uncursed potion of monster detection Rings c - an uncursed +2 ring of gain strength d - an uncursed ring of cold resistance Wands b - a wand of striking (0:4) Spells and supernatural/magical abilities: Name Level Category Fail Memory a - force bolt 1 attack 4% 94% I - identify 3 divination 100% 94% W - pray for help -- divine ? -- Your skills at the end: Fighting Skills Weapon Skills quarterstaff [Basic] Spellcasting Skills attack spells [Basic] enchantment spells [Basic] Final Attributes: You had transgressed. You were magic-protected. You are dead. Vanquished creatures: a gecko 6 jackals 3 grid bugs a bat a lichen 4 newts 16 creatures vanquished. Voluntary challenges: You used a wielded weapon 9 times, starting on turn 125. You read items or engraved 1 time, starting on turn 1211. You never genocided any monsters. You never polymorphed an object. You never changed form. You used no wishes. You never split a pudding. You never wrote Elbereth's name. You violated your moral code, losing 14 points of alignment, starting on turn 757. Dungeon overview: The Dungeons of Doom: levels 1 to 3 Level 1 a fountain a long staircase Level 2 Level 3 <- You were here stairs to The Gnomish Mines The Gnomish Mines: Level 4 stairs to The Dungeons of Doom History has recorded: On T:1 you entered the Dungeons of Doom to retrieve the Amulet of Yendor! On T:63 you reached level 2 of The Dungeons of Doom. On T:401 you reached level 3 of The Dungeons of Doom. On T:735 you reached level 1 of The Gnomish Mines. Score breakdown: Gold: 219 ( 7968 points) Experience: 1 level ( 0 points) Exploration: 4 levels ( 8.89%) ( 7833 points) Discoveries: 3 items ( 1.04%) ( 3061 points) Valuables value: (no points given unless you survive) Artifact value: 0 ( 0 points) Variety of kills: 6 monsters ( 1.57%) ( 3764 points) Turncount: 1326 turns ( 0 points) Survival: died (score multiplied by 80%) Total score: 18100 Latest messages: You faint from lack of food. You come to. Yecch! This stuff tastes like poison. You break out in hives. You faint from lack of food. You come to. As you read the scroll, it disappears. This is an identify scroll. p - an uncursed scroll of punishment. You faint from lack of food. You come to. You start equipping your pair of padded gloves. You are now wearing a pair of padded gloves. You faint from lack of food. You come to. You begin praying to Thoth. You feel that Thoth is displeased. You faint from lack of food. It bites! (7x) You die... Final status: Goodbye wizbiz the Wizard, killed by a newt, while fainted from lack of food... You died in The Dungeons of Doom on dungeon level 3 with 18100 points, and 219 pieces of gold, after 1326 moves. You were level 1 with a maximum of 12 hit points when you died.